 Dungeon Crawl Stone Soup version 0.29.1-1-gd02db6906a (webtiles) character file.

Game seed: 3129882993903720383

10024 pipb0y the Protected (level 11, -2/99 HPs)
             Began as a Minotaur Berserker on Oct 4, 2022.
             Was a High Priest of Trog.
             Succumbed to a swamp dragon's poison gas
             ... on level 10 of the Dungeon.
             The game lasted 00:48:44 (17072 turns).

pipb0y the Protected (Minotaur Berserker)          Turns: 17072, Time: 00:48:45

Health: -2/99      AC: 22    Str: 31    XL:     11   Next: 30%
Magic:  10/10      EV:  7    Int:  4    God:    Trog [*****.]
Gold:   442        SH: 10    Dex: 11    Spells: 10/10 levels left

rFire   . . .      SeeInvis .   T - +7 long sword of Pandemonium {vorpal, Will+}
rCold   + . .      Faith    .   u - +0 kite shield
rNeg    . . .      Spirit   .   h - +1 plate armour
rPois   .          Reflect  .   (helmet restricted)
rElec   .          Harm     .   y - +1 cloak {Will+}
rCorr   .          Rampage  .   K - +1 pair of gloves
Will    ++...                   a - +0 pair of boots
Stlth   ..........              (no amulet)
HPRegen 0.26/turn               f - ring of protection from cold
MPRegen 0.12/turn               L - +6 ring of strength

@: lethally poisoned (-2 -> -42)
A: horns 2, retaliatory headbutt
a: Renounce Religion, Berserk, Trog's Hand, Brothers in Arms


You were on level 10 of the Dungeon.
You worshipped Trog.
Trog was extremely pleased with you.
You visited 1 branch of the dungeon, and saw 10 of its levels.
You also visited: Ossuary.

You collected 863 gold pieces.
You spent 421 gold pieces at shops.

Inventory:

Hand Weapons
 k - a +0 war axe
 n - a +1 mace of protection
 r - a +2 vorpal spear
 R - a +0 whip of venom
 T - the +7 long sword of Pandemonium (weapon) {vorpal, Will+}
   (You found it on level 10 of the Dungeon)

   It inflicts extra damage upon your enemies.
   Will:      It increases your willpower.
Missiles
 J - 18 poisoned darts (quivered)
 O - 3 boomerangs of dispersal
 Q - 6 curare-tipped darts
Armour
 a - a +0 pair of boots (worn)
 h - a +1 plate armour (worn)
 u - a +0 kite shield (worn)
 y - a +1 cloak of willpower (worn)
 K - a +1 pair of gloves (worn)
Jewellery
 f - a ring of protection from cold (left hand)
 L - a +6 ring of strength (right hand)
 M - a ring of fire
Wands
 j - a wand of mindburst (4)
 m - a wand of light (14)
 p - a wand of polymorph (3)
 t - a wand of flame (43)
 x - a wand of digging (7)
 G - a wand of paralysis (9)
Scrolls
 c - 3 scrolls of noise {unknown}
 d - 2 scrolls of enchant weapon {unknown}
 g - 2 scrolls of immolation {unknown}
 i - 2 scrolls of fog {unknown}
 l - 2 scrolls of enchant armour
 o - a scroll of vulnerability {unknown}
 s - a scroll of acquirement {unknown}
 v - 2 scrolls of poison
 E - a scroll of magic mapping
 F - a scroll of summoning {unknown}
 H - 3 scrolls of fear {unknown}
 I - 6 scrolls of teleportation {unknown}
 P - a scroll of torment {unknown}
 S - a scroll of identify
Potions
 b - 5 potions of curing
 e - 2 potions of mutation
 q - a potion of berserk rage {unknown}
 w - a potion of cancellation {unknown}
 z - 3 potions of might
 A - 3 potions of degeneration
 B - 2 potions of lignification
 C - 2 potions of invisibility {unknown}
 D - a potion of attraction {unknown}
 N - a potion of resistance {unknown}


   Skills:
 + Level 9.7 Fighting
 - Level 10.4(11.0) Axes
 - Level 5.5(8.7) Polearms
 - Level 1.0 Throwing
 + Level 11.2 Armour
 - Level 2.2 Dodging
 * Level 7.7 Shields
 * Level 6.2 Evocations


You had 10 spell levels left.
You didn't know any spells.
Your spell library was empty.

Dungeon Overview and Level Annotations

Branches:
Dungeon (10/15)            Temple (0/1) D:4            Lair (0/5) D:10
Ossuary (visited)
    Orc: D:9-12

Altars:
Cheibriados
Qazlal
Ru
Vehumet
The Shining One

Shops:
D:1 [   D:6 [   D:9 *


Innate Abilities, Weirdness & Mutations

You have a pair of horns on your head.
You reflexively headbutt those who attack you in melee.


Message History

The wind drake begins repelling missiles!
You closely miss the wind drake.
The wind drake changes into a swamp dragon!
The centaur warrior hits the plant with a +0 hand axe of electrocution.
The plant begins to die.
The centaur warrior kicks the plant.
The centaur warrior hits the plant with a +0 hand axe of electrocution!
The centaur warrior kicks the plant.
The centaur warrior hits the plant with a +0 hand axe of electrocution!!
The centaur warrior kicks the plant.
The swamp dragon breathes poison at you.
The blast of poison engulfs you.
You are poisoned.
You are engulfed in poison gas.
You are more poisoned.
You feel very sick.
The centaur warrior hits the plant with a +0 hand axe of electrocution!!
The centaur warrior kicks the plant.
The centaur warrior hits the plant with a +0 hand axe of electrocution.
The centaur warrior kicks the plant.
You feel very sick.
You feel very sick.
A nearby plant withers and dies.
The centaur warrior unwields a +0 hand axe of electrocution.
It stops crackling.
The centaur warrior wields a +0 shortbow.
The centaur warrior shoots an arrow.
The arrow hits you.
The swamp dragon breathes poison at you.
The blast of poison engulfs you but does no damage.
You are more poisoned.
The centaur warrior shoots an arrow.
The arrow hits you!!
You are engulfed in poison gas.
You are more poisoned.
You feel extremely sick.
The centaur warrior shoots an arrow.
The arrow hits you!
* * * LOW HITPOINT WARNING * * *
You are engulfed in poison gas.
You are more poisoned.
* * * LOW HITPOINT WARNING * * *
x2 You feel extremely sick.
The centaur warrior shoots an arrow.
You block the arrow.
You die...

#### #..# ### ###
### #..#♣♣.♣♣
♣♣.♣♣#♣.. #..#♣...♣
♣P~≈≈#.♣♣ ###
#..#♣♣.♣♣#♣~P♣♣#.♣
#.# #..#♣.☼§♣#~♣♣♣
#.♣♣ #.#
#..#♣♣○♣♣#♣~P♣ #♣..
#.#
#..#♣○.°♣#♣P~♣♣#♣..
#.#
#.@#°○D~.♣♣♣♣~♣♣.♣♣
#.#
#.○○○○°○.c.~P~...♣
#.#
#.○#.~~~.♣~.~≈~♣.♣♣
#.#
#..#♣...♣#~♣♣~♣#♣..
#.#
#..#♣♣.♣♣#~♣♣♣♣#♣..
#.# #..#♣...♣#~♣♣♣
#.♣♣ #.#
#..#♣♣.♣♣#♣~P♣♣#.♣
#[# #..#♣...♣
♣.~≈≈#.♣♣ #.#
#..#♣♣.♣♣ ♣♣.♣♣#♣..


You could see a centaur warrior.

Vanquished Creatures
  3 two-headed ogres
  Maurice (D:10)
  3 unseen horror zombies (D:9)
  A hornet (D:9)
  11 yaks
  2 wyverns (D:10)
  3 wargs (D:10)
  A steam dragon (D:7)
  4 water moccasins
  An ice beast (D:5)
  A sky beast (D:6)
  An orc warrior (D:10)
  A black bear (D:6)
  5 centaurs
  A phantom (D:2)
  3 elf zombies (Ossuary)
  A kobold brigand (D:10)
  5 bullfrogs
  A necrophage (D:7)
  3 gnoll sergeants
  A scorpion (D:6)
  9 wights (D:9)
  13 killer bees
  3 centaur zombies (Ossuary)
  3 jellies
  5 hounds
  4 orc priests
  6 human zombies (Ossuary)
  Jessica (D:2)
  Terence (D:2)
  Natasha (thrice) (D:2)
  An iguana (D:4)
  5 orc wizards
  3 mummies (Ossuary)
  16 gnolls
  14 adders
  A shadow imp (D:6)
  2 ufetubi
  2 worms
  5 dart slugs
  26 orcs
  9 ball pythons
  10 endoplasms
  3 giant cockroaches (D:1)
  5 goblins
  8 hobgoblins
  2 quokkas
  8 bats
  2 frilled lizards
  A goblin zombie (D:6)
  13 kobolds
  A quokka zombie (D:6)
  7 rats
245 creatures vanquished.

Vanquished Creatures (others)
  2 plants (D:10)
  A withered plant (D:9)
3 creatures vanquished.

Grand Total: 248 creatures vanquished

Notes
Turn   | Place    | Note
-------+----------+-------------------------------------------
     0 | D:1      | pipb0y the Minotaur Berserker began the quest for the Orb.
     0 | D:1      | Reached XP level 1. HP: 19/19 MP: 0/0
   211 | D:1      | Reached XP level 2. HP: 24/27 MP: 1/1
   262 | D:1      | Found Mongyn's Antique Armour Emporium.
   808 | D:1      | Found a faded altar of an unknown god.
  1249 | D:2      | Reached XP level 3. HP: 32/33 MP: 2/2
  1464 | D:2      | Reached ** piety under Trog
  1486 | D:2      | Reached XP level 4. HP: 41/41 MP: 3/3
  1498 | D:2      | Reached skill level 3 in Armour
  1533 | D:2      | Noticed Natasha
  1551 | D:2      | Killed Natasha
  1552 | D:2      | Reached skill level 5 in Axes
  1560 | D:2      | Noticed a phantom
  1581 | D:2      | Killed a phantom
  1582 | D:2      | Reached skill level 5 in Fighting
  1582 | D:2      | Reached XP level 5. HP: 48/48 MP: 4/4
  2075 | D:2      | Noticed Natasha
  2081 | D:2      | Killed Natasha
  2194 | D:2      | Noticed Terence
  2229 | D:2      | Killed Terence
  2435 | D:2      | Noticed Jessica
  2466 | D:2      | Killed Jessica
  2770 | D:2      | Reached XP level 6. HP: 56/56 MP: 5/5
  2867 | D:2      | Noticed Natasha
  2883 | D:2      | Killed Natasha
  3180 | D:3      | Reached skill level 4 in Armour
  3300 | D:3      | You fall into a shaft and drop 1 floor!
  3365 | D:4      | Reached skill level 1 in Evocations
  3426 | D:4      | Found a staircase to the Ecumenical Temple.
  5125 | D:3      | Reached XP level 7. HP: 62/62 MP: 6/6
  5921 | D:5      | Entered Level 5 of the Dungeon
  6649 | D:5      | Found a radiant altar of Vehumet.
  6805 | D:5      | Reached skill level 5 in Armour
  8003 | D:5      | Found a glowing golden altar of the Shining One.
  8377 | D:6      | Reached skill level 6 in Armour
  8377 | D:6      | Reached XP level 8. HP: 47/71 MP: 7/7
  8569 | D:6      | Found a sand-covered staircase.
  8579 | Ossuary  | Entered an ossuary
  8859 | Ossuary  | Reached *** piety under Trog
  8860 | Ossuary  | Reached skill level 1 in Polearms
  9412 | Ossuary  | Reached skill level 7 in Armour
  9473 | D:6      | Found a stormy altar of Qazlal.
  9503 | D:6      | Found Qerof's Antique Armour Boutique.
  9507 | D:6      | Bought an embroidered cloak for 232 gold pieces
 10471 | D:6      | Reached XP level 9. HP: 79/79 MP: 8/8
 11548 | D:7      | Reached skill level 5 in Polearms
 11709 | D:7      | Reached skill level 1 in Throwing
 11904 | D:8      | Reached skill level 8 in Armour
 12238 | D:8      | Found a snail-covered altar of Cheibriados.
 12366 | D:8      | Reached skill level 1 in Shields
 12437 | D:8      | Reached skill level 9 in Armour
 12984 | D:9      | Reached **** piety under Trog
 13002 | D:9      | Reached skill level 5 in Evocations
 13015 | D:9      | Reached XP level 10. HP: 57/89 MP: 9/9
 13199 | D:9      | Found Ulohebbue's Assorted Antiques.
 13217 | D:9      | Bought a scroll of identify for 42 gold pieces
 13217 | D:9      | Bought a scroll of identify for 42 gold pieces
 13222 | D:9      | Bought a knobbly sapphire ring for 105 gold pieces
 13609 | D:9      | Reached skill level 10 in Armour
 13713 | D:9      | Reached skill level 5 in Shields
 13803 | D:9      | Noticed a two-headed ogre
 13813 | D:9      | Killed a two-headed ogre
 13952 | D:9      | Reached skill level 10 in Axes
 14129 | D:9      | Noticed a two-headed ogre
 14140 | D:9      | Killed a two-headed ogre
 14456 | D:9      | Reached XP level 11. HP: 81/97 MP: 10/10
 15146 | D:10     | Entered Level 10 of the Dungeon
 15158 | D:10     | Noticed Maurice
 15548 | D:10     | Killed Maurice
 15658 | D:10     | Found a staircase to the Lair.
 15763 | D:10     | Noticed a two-headed ogre
 15770 | D:10     | Killed a two-headed ogre
 15771 | D:10     | Reached skill level 11 in Armour
 16349 | D:10     | Found a sacrificial altar of Ru.
 16703 | D:10     | Reached ***** piety under Trog
 16713 | D:10     | Identified the +7 long sword of Pandemonium {vorpal, Will+}
 17059 | D:10     | Noticed a centaur warrior
 17065 | D:10     | Noticed a swamp dragon
 17065 | D:10     | a wind drake changed into a swamp dragon
 17072 | D:10     | Succumbed to a swamp dragon's poison gas

Illustrated notes

Levels and vault maps discovered:
D:1:      kilobyte_arrival_exit_the_forest, layout_basic,
          dreamdust_ecumenical_altar_angels_and_demons, serial_shops,
          shop_fountains, hangedman_glass_teeth, minmay_tromino_v4_b
D:2:      layout_loops_corners, minmay_divided_ellipse, uniq_jessica,
          uniq_terence, uniq_natasha
D:3:      layout_basic, minmay_randomly_rotated_circles
D:4:      layout_basic, temple_statues, serial_rivers,
          chequers_serial_rivers_micro_e, chequers_serial_rivers_large_a,
          chequers_serial_rivers_small_b, chequers_serial_rivers_small_b,
          chequers_serial_rivers_small_b, glass_columns_c,
          dreamdust_princess_bridge, kennysheep_dice
D:5:      layout_loops_corners, mainiacjoe_overflow_concentric_impassable,
          mainiacjoe_overflow_paths
D:6:      layout_loops_ring, grunt_qazlal_sundering, enter_ossuary_4,
          serial_shops, shop
D:7:      layout_basic, serial_rivers, chequers_serial_rivers_micro_b,
          chequers_serial_rivers_small_a, chequers_serial_rivers_small_3,
          chequers_serial_rivers_small_b, chequers_serial_rivers_small_3,
          chequers_serial_rivers_small_b, st_stairs_8, chequers_garden
D:8:      layout_rooms, general_overflow_altar, kennysheep_generic_room_8
D:9:      layout_roguey, serial_undead, serial_undead_c, serial_undead_f,
          serial_undead_e, serial_undead_f, serial_undead_b, serial_shops,
          kennysheep_mini_moat
D:10:     nzn_winding_woodlands_three_and_one
          [nzn_winding_woodlands_5x15_zeroes,
          nzn_winding_woodlands_5x15_lazy_stream,
          nzn_winding_woodlands_5x15_pool,
          nzn_winding_woodlands_center_diamonds], layout_long_grid,
          lemuel_round_altar, erik_lair_orcish_takeover, uniq_maurice

Skill      XL: |  1  2  3  4  5  6  7  8  9 10 11 |
---------------+----------------------------------+-----
Axes           | 4 5 6 7 8 9 10 | 10.4
Fighting       | 4 5 6 7 8 9 |  9.7
Armour         | 3 4 6 7 9 10 11 | 11.2
Evocations     | 1 2 3 5 6 |  6.2
Polearms       | 4 5 |  5.5
Throwing       | 1 |  1.0
Shields        | 2 6 7 |  7.7
Dodging        | |  2.2

Action                   |  1- 3 |  4- 6 |  7- 9 | 10-12 || total
-------------------------+-------+-------+-------+-------++-------
Melee: Hand axe          |    69 |   172 |    81 |       ||   322
       Headbutt          |    11 |    35 |    93 |    51 ||   190
       Punch             |       |     1 |     4 |       ||     5
       Spear             |       |       |   337 |   310 ||   647
       War axe           |       |       |    22 |       ||    22
       Long sword        |       |       |       |     3 ||     3
Throw: Dart              |       |     5 |     9 |    25 ||    39
       Boomerang         |       |       |       |     1 ||     1
Invok: Trog's Hand       |       |     1 |     2 |     1 ||     4
       Berserk           |       |     1 |       |       ||     1
  Use: Scroll            |       |       |     8 |     3 ||    11
       Potion            |       |       |       |     1 ||     1
Armor: Animal skin       |     7 |       |       |       ||     7
       Leather armour    |     7 |       |       |       ||     7
       Plate armour      |    19 |   120 |   219 |   135 ||   493
Dodge: Dodged            |    41 |    59 |   132 |    61 ||   293
Block: Kite shield       |       |       |    21 |   101 ||   122
